Map: Proxima Station LE

Players

Gemini

  • Race: Protoss Protoss
  • League: Master
  • Spawn Location: 1:00

A.I. 1 (Very Easy) - Winner!

  • Race: Zerg Zerg
  • Spawn Location: 7:00

VOD

Have the link to the VOD?

Description

Time

  • Played on: Feb. 14, 2017, 5:49 p.m.
  • Length: 6:47
Show
View Real Time Build Order
Export as new Build Order

Gemini Protoss 

Build Orders: 1 Gate Expand 

Get SALT Encoding   

  12  0:00  Probe (Chrono Boost)  
  13  0:11  Probe (Chrono Boost)  
  14  0:20  Pylon  
  14  0:22  Probe (Chrono Boost)  
  15  0:38  Probe (Chrono Boost), Gateway  
  16  0:49  Probe (Chrono Boost)  
  17  0:50  Assimilator  
  17  0:59  Probe (Chrono Boost)  
  18  1:10  Probe (Chrono Boost)  
  19  1:22  Nexus  
  19  1:24  Probe (Chrono Boost)  
  20  1:37  Cybernetics Core  
  20  1:38  Probe (Chrono Boost)  
  21  1:45  Assimilator  
  21  1:48  Probe (Chrono Boost)  
  21  1:54  Pylon  
  22  1:59  Probe (Chrono Boost)  
  23  2:12  Probe (Chrono Boost)  
  23  2:14  Stalker, Warp Gate  
  26  2:23  Probe (Chrono Boost)  
  26  2:29  Robotics Facility  
  27  2:34  Probe (Chrono Boost)  
  28  2:37  Probe (Chrono Boost)  
  29  2:45  Probe (Chrono Boost)  
  29  2:48  Probe (Chrono Boost)  
  29  2:49  Adept  
  33  2:56  Mothership Core (Chrono Boost)  
  35  2:58  Probe (Chrono Boost)  
  36  3:09  Probe (Chrono Boost)  
  36  3:11  Immortal  
  37  3:16  Probe (Chrono Boost)  
  43  3:20  Probe (Chrono Boost)  
  43  3:28  Gateway  
  43  3:30  Gateway  
  43  3:33  Probe (Chrono Boost)  
  44  3:40  Probe (Chrono Boost), Pylon  
  45  3:45  Probe (Chrono Boost)  
  46  3:53  Warp Prism  
  46  3:58  Probe (Chrono Boost), Assimilator  
  46  4:00  Probe (Chrono Boost)  
  46  4:01  Assimilator  
  50  4:03  Pylon  
  50  4:08  Probe (Chrono Boost)  
  51  4:12  Probe (Chrono Boost)  
  52  4:21  Probe (Chrono Boost), Pylon  
  52  4:24  Probe (Chrono Boost)  
  54  4:28  Sentry x3  
  60  4:32  Nexus  
  60  4:36  Observer  
  60  4:41  Probe (Chrono Boost)  
  60  4:42  Probe (Chrono Boost)  
  63  4:52  Sentry  
  65  4:53  Sentry x2  
  65  4:55  Pylon  
  65  4:56  Pylon x2  
  69  5:04  Gateway  
  69  5:09  Gateway  
  69  5:10  Gateway  
  69  5:16  Gateway  
  69  5:19  Sentry  
  69  5:20  Sentry x2  
  75  5:26  Gateway  
  75  5:29  Immortal  
  79  5:38  Probe (Chrono Boost)  
  79  5:39  Probe (Chrono Boost)  
  81  5:47  Adept, Sentry  
  81  5:48  Adept  
  87  5:51  Pylon  
  87  5:53  Probe (Chrono Boost)  
  87  5:56  Probe x2 (Chrono Boost)  
  91  6:05  Probe (Chrono Boost)  
  91  6:14  Pylon  
  91  6:22  Adept, Stalker x3  
  91  6:23  Adept x2  
  91  6:24  Adept  
  105  6:27  Adept  
  107  6:35  Pylon  
Show
View Real Time Build Order
Export as new Build Order

A.I. 1 (Very Easy) Zerg - Winner!

Build Orders: Hatch First 

Get SALT Encoding   

  12  0:01  Drone  
  13  0:12  Overlord  
  13  0:17  Drone  
  14  0:42  Hatchery  
  13  0:45  Drone  
  14  1:02  Spawning Pool  
  13  1:05  Drone  
  13  1:08  Extractor  
  13  1:13  Drone  
  14  1:20  Overlord  
  14  1:50  Zergling x2, Queen  
  14  1:52  Zergling x2  
  18  2:01  Roach Warren  
  17  2:05  Drone  
  18  2:08  Extractor  
  18  2:12  Drone  
  18  2:17  Zergling x2  
  18  2:22  Drone  
  20  2:29  Drone  
  21  2:37  Drone  
  22  2:44  Drone  
  23  2:51  Drone  
  24  2:58  Drone  
  25  3:03  Roach  
  25  3:05  Drone  
  28  3:11  Overlord  
  28  3:16  Drone  
  29  3:23  Drone  
  30  3:31  Drone  
  31  3:38  Drone  
  32  3:43  Overlord  
  32  3:47  Drone  
  33  3:49  Roach  
  33  3:53  Lair  
  33  3:54  Drone  
  36  4:04  Drone  
  37  4:12  Drone  
  38  4:19  Drone  
  39  4:26  Drone  
  40  4:33  Drone  
  40  4:34  Roach, Overlord  
  43  4:40  Drone  
  44  4:48  Drone  
  45  4:52  Overseer  
  45  4:54  Overseer  
  45  4:55  Drone  
  46  5:00  Extractor  
  46  5:02  Drone  
  46  5:08  Extractor  
  46  5:09  Drone  
  46  5:16  Drone  
  46  5:20  Roach  
  49  5:24  Drone  
  50  5:31  Drone  
  51  5:38  Drone  
  52  5:45  Drone  
Tags
 
Add a new tag
Caveats
  • Supply blocks, unpowered buildings, or Contaminate may cause inaccurate times.
  • Supply counts are checked every 10 seconds.